Map: Old Republic LE

Players

SmiSme - Winner!

  • Race: Protoss Protoss
  • League: Gold
  • Spawn Location: 1:00

IA (élite)

  • Race: Terran Terran
  • Spawn Location: 7:00

VOD

Have the link to the VOD?

Description

Time

  • Played on: March 14, 2026, 3:05 a.m.
  • Length: 15:13
Show
View Real Time Build Order
Export as new Build Order

SmiSme Protoss - Winner!

Build Orders: Archon Immortal 

Get SALT Encoding   

  12  0:00  Probe  
  13  0:12  Probe  
  14  0:17  Pylon  
  14  0:24  Probe  
  15  0:37  Probe  
  15  0:38  Gateway  
  16  0:45  Probe  
  17  0:50  Assimilator  
  17  0:54  Probe  
  18  1:06  Probe  
  19  1:18  Probe  
  20  1:27  Cybernetics Core  
  20  1:30  Probe  
  21  1:55  Nexus  
  21  2:01  Probe  
  22  2:03  Pylon  
  22  2:04  Warp Gate  
  22  2:05  Assimilator  
  22  2:11  Stalker  
  22  2:14  Probe  
  25  2:24  Gateway  
  25  2:26  Probe  
  26  2:38  Probe  
  27  2:46  Stalker, Gateway  
  27  2:50  Probe  
  30  3:03  Probe  
  31  3:07  Probe  
  32  3:15  Twilight Council, Probe, Stalker  
  32  3:16  Sentry  
  32  3:19  Probe  
  38  3:27  Probe  
  38  3:31  Probe  
  38  3:33  Pylon  
  40  3:41  Charge  
  40  3:44  Probe x2  
  40  3:46  Pylon  
  42  3:58  Probe x2  
  42  3:59  Robotics Facility  
  44  4:10  Probe  
  44  4:11  Probe  
  44  4:14  Pylon, Zealot  
  48  4:17  Pylon  
  48  4:18  Zealot  
  48  4:22  Zealot, Probe  
  53  4:30  Forge  
  53  4:34  Probe  
  53  4:35  Probe  
  55  4:39  Assimilator  
  55  4:42  Assimilator  
  55  4:43  Zealot  
  55  4:44  Zealot  
  59  4:46  Probe  
  59  4:47  Zealot, Protoss Ground Weapons Level 1  
  62  4:53  Probe  
  62  4:56  Immortal  
  62  4:58  Probe  
  68  5:23  Gateway  
  68  5:25  Zealot x2  
  68  5:27  Phoenix  
  72  5:33  Pylon, Warp Prism  
  74  5:36  Pylon  
  74  5:44  Gateway  
  74  5:47  Gateway  
  74  5:58  Zealot x3  
  74  6:03  Observer  
  81  6:14  Immortal  
  85  6:27  Robotics Facility  
  85  6:31  Templar Archives  
  85  6:41  Protoss Ground Armor Level 1  
  85  6:48  Observer, Zealot x3  
  85  6:49  Zealot  
  94  6:56  Pylon  
  94  6:58  Pylon  
  94  7:00  Pylon  
  94  7:07  Nexus  
  94  7:10  Pylon  
  94  7:12  Pylon  
  94  7:14  Probe x2, Pylon  
  96  7:15  Observer  
  96  7:16  Observer  
  96  7:17  Assimilator  
  96  7:22  Assimilator  
  98  7:26  Probe, High Templar x6  
  111  7:30  Archon x3  
  111  7:55  Observer  
  111  7:56  Immortal  
  116  8:00  Zealot x6  
  116  8:04  Probe  
  116  8:05  Probe  
  128  8:12  Probe  
  130  8:13  Probe  
  132  8:21  Probe  
  132  8:22  Probe  
  132  8:26  Protoss Ground Weapons Level 2  
  134  8:43  Gateway  
  134  8:44  Gateway  
  134  8:47  Gateway  
  134  8:50  Gateway  
  134  8:52  Gateway  
  134  8:54  Gateway  
  134  8:56  Gateway  
  134  8:58  Gateway  
  134  9:21  Shield Battery  
  134  9:24  Shield Battery  
  134  9:26  Shield Battery  
  134  9:27  Shield Battery  
  104  9:45  Immortal x2  
  94  9:49  Zealot x4  
  94  9:50  Zealot x8  
  94  9:51  Zealot  
  128  10:02  Probe x3  
  131  10:24  Nexus, Immortal  
  131  10:27  Pylon  
  131  10:28  Pylon  
  135  10:31  Pylon  
  135  10:33  Assimilator  
  135  10:37  Assimilator  
  135  10:38  Probe  
  135  10:39  Probe x2  
  135  10:41  Protoss Ground Armor Level 2  
  138  10:43  High Templar x9  
  138  10:47  Archon x4  
  156  10:50  High Templar  
  158  11:00  Archon  
  158  11:03  Immortal x2  
  166  11:10  Zealot x4  
  174  11:15  Probe x3  
  177  11:27  Probe x2  
  179  11:36  Shield Battery  
  179  11:37  Shield Battery  
  179  11:41  Shield Battery  
  179  11:43  Shield Battery  
  179  11:55  Observer  
  179  11:56  Observer  
  181  12:04  Sentry  
  181  12:05  Sentry  
  185  12:46  Zealot x5  
  147  13:20  Zealot x6  
  147  13:21  Zealot x8  
  147  13:27  Immortal x2  
  147  13:48  Stalker x5  
  137  13:49  Stalker x8  
  137  13:50  Stalker  
  157  14:06  Immortal x2  
  161  14:22  Nexus  
  161  14:23  Pylon  
  161  14:25  Pylon  
  161  14:27  Pylon, Gateway  
  161  14:28  Pylon  
  161  14:29  Gateway x2, Zealot x6  
  161  14:30  Zealot x4  
  161  14:31  Assimilator, Gateway  
  175  14:32  Gateway  
  175  14:35  Gateway  
  175  14:36  Assimilator  
  173  14:56  Zealot x7  
  173  14:57  Zealot x3  
Show
View Real Time Build Order
Export as new Build Order

IA (élite) Terran 

Build Orders: 2 Factory, Mech 

Get SALT Encoding   

  12  0:00  SCV  
  13  0:13  SCV  
  14  0:18  Supply Depot  
  14  0:25  SCV  
  15  0:40  SCV  
  16  0:42  Barracks  
  16  0:52  SCV  
  18  1:04  SCV  
  18  1:16  SCV, Supply Depot  
  19  1:21  Refinery  
  19  1:28  SCV  
  19  1:30  Marine  
  21  1:40  SCV  
  22  1:48  Marine  
  22  1:49  Refinery  
  22  1:52  SCV  
  24  2:04  SCV  
  24  2:06  Marine  
  26  2:16  SCV  
  26  2:21  Factory  
  27  2:24  Marine  
  27  2:28  SCV  
  29  2:39  Factory  
  29  2:41  SCV  
  29  2:42  Marine  
  31  2:44  Supply Depot  
  31  2:54  Orbital Command  
  31  3:05  Marine  
  31  3:06  Factory Tech Lab  
  32  3:19  SCV  
  33  3:22  Command Center  
  33  3:23  Marine  
  33  3:24  Factory Tech Lab  
  34  3:31  SCV  
  35  3:43  SCV  
  36  3:55  SCV  
  36  3:58  Barracks  
  37  4:07  Supply Depot, SCV  
  38  4:20  SCV  
  39  4:28  Siege Tank x2  
  45  4:32  SCV  
  45  4:33  Supply Depot, Marine  
  45  4:34  SCV  
  48  4:44  SCV  
  48  4:45  Supply Depot  
  49  4:46  SCV  
  50  4:56  SCV  
  50  4:58  SCV  
  52  5:00  Siege Tank  
  52  5:01  Siege Tank  
  52  5:05  Supply Depot  
  58  5:08  SCV  
  58  5:10  Armory, SCV  
  58  5:11  Marine  
  61  5:20  SCV  
  62  5:22  SCV  
  63  5:32  SCV  
  63  5:33  Siege Tank, Supply Depot, Marine  
  63  5:34  SCV  
  69  5:40  Siege Tank  
  72  5:44  SCV  
  72  5:46  SCV  
  74  5:56  SCV  
  75  5:58  SCV  
  75  5:59  Barracks Tech Lab, Terran Vehicle Weapons Level 1  
  76  6:05  Hellion, Command Center  
  76  6:11  Orbital Command  
  78  6:16  Hellion  
  80  6:26  Hellion  
  80  6:32  Supply Depot  
  82  6:37  Hellion  
  84  6:41  Armory  
  84  6:48  Factory  
  84  6:50  Hellion  
  86  6:58  Infernal Pre-Igniter  
  86  6:59  Hellion  
  88  7:20  Refinery  
  88  7:24  Thor  
  88  7:28  Terran Vehicle And Ship Armor Level 1, Refinery  
  94  7:35  Command Center  
  94  7:49  Orbital Command  
  94  7:55  Engineering Bay  
  94  7:57  Thor  
  100  8:11  Terran Vehicle Weapons Level 2  
  100  8:13  Factory Tech Lab  
  100  8:23  Missile Turret  
  100  8:24  Missile Turret  
  100  8:25  Siege Tank  
  103  8:37  Siege Tank  
  103  8:38  Supply Depot  
  106  8:44  Missile Turret  
  106  8:47  SCV x4  
  110  8:49  Refinery  
  110  8:57  Missile Turret  
  110  8:59  SCV  
  110  9:00  Planetary Fortress, Missile Turret, SCV x2  
  113  9:11  SCV  
  113  9:12  SCV  
  113  9:13  Thor  
  113  9:15  SCV  
  122  9:23  SCV  
  123  9:24  SCV  
  123  9:27  SCV, Supply Depot  
  123  9:29  Marauder  
  125  9:31  Marine  
  125  9:35  SCV  
  125  9:36  SCV  
  125  9:37  SCV  
  95  9:39  SCV  
  95  9:41  Hellion  
  87  9:45  Siege Tank  
  87  9:49  Marine  
  87  9:50  Marauder  
  85  9:56  Hellion  
  85  9:58  SCV  
  87  10:03  Siege Tank  
  90  10:07  Marine  
  90  10:11  Marauder  
  90  10:13  Ghost Academy  
  93  10:17  Siege Tank  
  93  10:18  Hellion, Refinery  
  98  10:25  Marine  
  99  10:32  Marine  
  99  10:35  Hellion  
  102  10:39  Thor  
  102  10:41  SCV  
  109  10:43  Marine  
  112  10:50  Hellion  
  112  10:51  Marauder  
  112  10:56  Siege Tank  
  117  10:57  Supply Depot  
  117  11:00  Marine  
  118  11:06  Missile Turret  
  118  11:11  Siege Tank, Marine  
  121  11:16  Engineering Bay  
  122  11:18  Marine, Terran Vehicle Weapons Level 3  
  122  11:22  Terran Infantry Weapons Level 1, Hellion  
  122  11:23  Supply Depot  
  125  11:26  Missile Turret  
  125  11:29  Ghost  
  127  11:36  Barracks, Marine  
  128  11:40  Command Center  
  128  11:41  Siege Tank  
  128  11:42  Terran Infantry Armor Level 1  
  131  11:48  Supply Depot  
  131  11:49  Siege Tank  
  134  11:54  Marine  
  134  11:58  Marauder  
  137  12:02  Thor  
  137  12:07  Missile Turret  
  143  12:08  Missile Turret  
  143  12:12  Marine, Supply Depot  
  143  12:14  Stimpack  
  144  12:20  Marauder  
  146  12:29  Barracks, Thor  
  152  12:30  Missile Turret  
  152  12:31  Widow Mine  
  154  12:37  Supply Depot  
  154  12:40  Ghost  
  154  12:42  Missile Turret  
  156  12:45  Missile Turret  
  156  12:46  Widow Mine  
  156  12:49  Missile Turret  
  158  12:52  Starport, Marine, Hellion, SCV, Missile Turret  
  158  12:53  SCV x3  
  165  13:01  Refinery  
  165  13:07  Hellion  
  165  13:10  Marauder, Marine  
  165  13:11  Marine  
  165  13:12  Missile Turret, Hellion  
  160  13:14  Hellion  
  160  13:15  Marine  
  109  13:27  Medivac  
  109  13:28  Marine, Hellion  
  109  13:29  Marine  
  109  13:30  Marine  
  109  13:31  Refinery  
  109  13:32  SCV  
  109  13:33  SCV, Marine  
  95  13:34  Hellion, SCV  
  95  13:35  SCV, Hellion  
  78  13:44  SCV  
  78  13:45  SCV  
  78  13:46  Marine  
  78  13:47  SCV x2, Marine  
  78  13:48  Ghost  
  58  13:49  Siege Tank  
  58  13:51  Marine  
  55  13:56  SCV  
  55  13:57  SCV  
  55  13:58  Starport Tech Lab  
  46  14:04  Marine  
  46  14:05  Marine, Siege Tank  
  23  14:17  Marauder  
  23  14:21  Marine  
  23  14:22  SCV  
  25  14:30  SCV, Marine  
  22  14:34  SCV  
  17  14:39  Marauder  
  15  14:50  Command Center  
  11  14:54  SCV  
  11  14:55  SCV  
Tags
 
League
Gold
Matchup
PvT
Opening
2 Factory
Spawn Locations
Cross Positions
Add a new tag
Caveats
  • Supply blocks, unpowered buildings, or Contaminate may cause inaccurate times.
  • Supply counts are checked every 10 seconds.